 Dungeon Crawl Stone Soup version 0.23.2-40-g277498a001 (webtiles) character file.

Game seed: 4780913329951624131

194 Folks the Conjurer (level 5, -1/38 HPs)
             Began as a Demigod Conjurer on Aug 16, 2019.
             Slain by an orc priest
             ... wielding a +0 trident
              (3 damage)
             ... on level 5 of the Dungeon.
             The game lasted 00:05:45 (2507 turns).

Folks the Conjurer (Demigod Conjurer)               Turns: 2507, Time: 00:05:45

Health: -1/38      AC:  3    Str: 11    XL:     5   Next: 20%
Magic:  1/13       EV: 12    Int: 21    God:
Gold:   167        SH:  0    Dex: 16    Spells: 5/11 levels left

rFire    . . .     SeeInvis .   n - +1 short sword
rCold    . . .     Gourm    .   (no shield)
rNeg     . . .     Faith    .   a - +0 robe
rPois    .         Spirit   .   (no helmet)
rElec    .         Reflect  .   (no cloak)
rCorr    .         Harm     .   i - +0 pair of gloves
MR       .....                  (no boots)
Stlth    ++........             (no amulet)
HPRegen  0.12/turn              (no ring)
MPRegen  0.13/turn              (no ring)

@: no status effects
A: high mp 1
a: no special abilities


You were on level 5 of the Dungeon.
You were not hungry.

You visited 1 branch of the dungeon, and saw 5 of its levels.

You collected 167 gold pieces.

Inventory:

Hand Weapons
 d - a +0 club
 e - a +0 bardiche
 j - a +0 whip
 m - a +0 dagger
 n - a +1 short sword (weapon)
Armour
 a - a +0 robe (worn)
 i - a +0 pair of gloves (worn)
Jewellery
 l - a +1 ring of protection {unknown}
 p - an uncursed ring of fire {unknown}
Wands
 t - a wand of paralysis (7)
Scrolls
 f - 4 scrolls of remove curse
 k - 4 scrolls of teleportation {unknown}
 o - a scroll of noise {unknown}
 q - a scroll of random uselessness {unknown}
 s - a scroll of magic mapping
Potions
 b - a potion of flight
 g - 2 potions of berserk rage {unknown}
 h - 3 potions of curing {unknown}
 r - a potion of mutation {unknown}
Comestibles
 c - 7 rations


   Skills:
 - Level 1.7 Dodging
 - Level 1.7 Stealth
 + Level 3.5 Spellcasting
 + Level 4.5 Conjurations
 * Level 2.1 Hexes


You had 5 spell levels left.
You knew the following spells:

 Your Spells              Type           Power        Failure   Level  Hunger
a - Magic Dart            Conj           ###.         1%          1    None
b - Searing Ray           Conj           ###...       3%          2    ##.....
c - Dazzling Spray        Conj/Hex       ###...       10%         3    ###....

Your spell library contained the following spells:

 Spells                   Type           Power        Failure   Level  Hunger
 Iskenderun's Mystic Bla  Conj           ###.....     21%         4    ####...
 Fulminant Prism          Conj/Hex       ###.......   32%         4    ####...
 Force Lance              Conj/Tloc      ##......     45%         4    ####...


Dungeon Overview and Level Annotations

Branches:
Dungeon (5/15)
 Temple: D:4-7


Innate Abilities, Weirdness & Mutations

You have an increased reservoir of magic. (+10% MP)


Message History

An orc comes into view.
Things that are here:
a +0 scale mail; a +0 dagger of venom; a +0 robe You hit the orc priest but do no damage.
The orc priest is almost dead.
The orc priest barely misses you.
You hit the orc priest but do no damage.
The orc priest is almost dead.
The orc priest hits you with a +0 trident.
* * * LOW HITPOINT WARNING * * *
You completely miss the orc priest.
The orc priest is almost dead.
The orc priest misses you.
You barely miss the orc priest.
The orc priest is almost dead.
The orc priest barely misses you.
You hit the orc priest but do no damage.
The orc priest is almost dead.
The orc priest hits you with a +0 trident.
You die...

#.# #.# #.# ##.## ## #.#
#...# #.. #.#
###...####..###.###
#.......##........
.................
#........#.###..###.##..
###...#..#.##...@oZo.<).
#.............###.....
####............###..#.#
...).....#.#.........
########.#.##...###.#
######.#.###.####.#
...................####
#########....#.........
####...########


You could see an orc priest, an orc and a worker ant zombie.

Vanquished Creatures
  A scorpion (D:4)
  A quasit (D:5)
  2 orc wizards
  An adder (D:2)
  An ooze (D:1)
  A dart slug (D:1)
  2 leopard geckos
  5 orcs
  2 giant cockroaches
  4 goblins
  4 hobgoblins
  2 kobolds
  7 bats
  3 frilled lizards (D:3)
  A quokka skeleton (D:4)
  2 rats (D:3)
39 creatures vanquished.

Notes
Turn   | Place    | Note
-------+----------+-------------------------------------------
     0 | D:1      | Folks the Demigod Conjurer began the quest for the Orb.
     0 | D:1      | Reached XP level 1. HP: 14/14 MP: 5/5
   209 | D:1      | Reached XP level 2. HP: 19/20 MP: 5/7
   826 | D:2      | You fall through a shaft!
   853 | D:3      | Reached XP level 3. HP: 26/26 MP: 9/9
   893 | D:3      | Reached skill level 4 in Conjurations
   949 | D:3      | Found a basalt altar of Yredelemnul.
  1377 | D:3      | Learned a level 2 spell: Searing Ray
  1381 | D:3      | Learned a level 3 spell: Dazzling Spray
  1566 | D:3      | Found a burning altar of Makhleb.
  1795 | D:4      | Noticed a scorpion
  1804 | D:4      | Killed a scorpion
  1804 | D:4      | Reached skill level 1 in Hexes
  1804 | D:4      | Reached XP level 4. HP: 22/33 MP: 2/11
  1935 | D:4      | Found a stormy altar of Qazlal.
  2417 | D:5      | Entered Level 5 of the Dungeon
  2419 | D:5      | Reached XP level 5. HP: 38/38 MP: 9/13
  2507 | D:5      | Slain by an orc priest

Skill      XL: |  1  2  3  4  5 |
---------------+----------------+-----
Spellcasting   | 2 3 |  3.5
Conjurations   | 4 |  4.5
Hexes          | 1 2 |  2.1
Dodging        | |  1.7
Stealth        | |  1.7

Action                   |  1- 3 |  4- 6 || total
-------------------------+-------+-------++-------
Melee: Whip              |    30 |       ||    30
       Short sword       |    38 |     8 ||    46
       Bardiche          |     2 |       ||     2
 Cast: Magic Dart        |    34 |     7 ||    41
       Searing Ray       |     2 |     4 ||     6
  Use: Scroll            |     4 |       ||     4
       Potion            |     2 |       ||     2
 Stab: Sleeping          |     5 |     1 ||     6
  Eat: Chunk             |     3 |       ||     3
       Ration            |       |     1 ||     1
Armor: Robe              |    26 |     1 ||    27
Dodge: Dodged            |    57 |    10 ||    67
